 Dungeon Crawl Stone Soup version 0.30-a0-591-g3c58d2bc28 (webtiles) character file.

Game seed: 10575987740384410933

1403938 Pooter the Invulnerable (level 27, 268/268 HPs)
             Began as a Minotaur Monk on Dec 30, 2022.
             Was an Elder of Trog.
             Escaped with the Orb
             ... and 3 runes on Jan 4, 2023!
             The game lasted 08:54:37 (118215 turns).

Pooter the Invulnerable (Minotaur Monk)           Turns: 118215, Time: 08:54:37

Health: 268/268    AC: 49    Str: 27    XL:     27
Magic:  31/31      EV: 14    Int: 10    God:    Trog [****..]
Gold:   4108       SH:  5    Dex: 14    Spells: 26/26 levels left

rFire   . . .      SeeInvis +    a - +8 executioner's axe (heavy)
rCold   + . .      Faith    .    (shield currently unavailable)
rNeg    + + +      Spirit   .    L - +8 orange crystal plate armour {Archmagi, Int+3 Clar}
rPois   +          Reflect  +    (helmet restricted)
rElec   +          Harm     .    Y - scarf {rC+ rF+}
rCorr   .          Rampage  .    r - +5 pair of gloves of Intuition {rElec rPois Regen+}
Will    +++++      Archmagi +    W - +1 pair of boots "Fiuru" {Will++ MP+9} Stlth Clarity +
                                 o - amulet of reflection
HPRegen 2.44/turn                N - ring "Poicuvoor" {Wiz +Blink rF- rN+++ Slay+3}
MPRegen 0.22/turn                S - ring of Tobakas {Slay+6 SInv}

@: strong-willed, regenerating, studying Maces & Flails
A: horns 2, retaliatory headbutt, clumsy 1, deterioration 1, mutation resistance
1, passive freeze
0: Orb of Zot
}: 3/15 runes: serpentine, barnacled, silver
a: Renounce Religion, Evoke Blink, Berserk, Trog's Hand, Brothers in Arms


You escaped.
You worshipped Trog.
Trog was greatly pleased with you.
You visited 12 branches of the dungeon, and saw 52 of its levels.
You visited 1 ziggurat, and saw 8 of its levels.
You also visited: Sewer, Ossuary, Ice Cave and Wizlab.

You collected 7911 gold pieces.
You spent 3803 gold pieces at shops.

Inventory:

Hand Weapons
 a - a +8 heavy executioner's axe (weapon)
   (Trog gifted it to you on level 4 of the Vaults)
 b - a +7 triple crossbow of freezing
   (You acquired it on level 4 of the Shoals)
 O - a +5 antimagic battleaxe
   (Trog gifted it to you on level 3 of the Elven Halls)
Missiles
 A - 43 boomerangs (quivered)
 B - 12 javelins
 H - 9 silver javelins
 X - 9 curare-tipped darts
Armour
 k - a scarf of repulsion
   (You found it in a wizard's laboratory)
 r - the +5 pair of gloves of Intuition (worn) {rElec rPois Regen+}
   (You bought it in a shop on level 5 of the Vaults)

   rElec:     It insulates you from electricity.
   rPois:     It protects you from poison.
   Regen:     It increases your rate of health regeneration.
 L - the +8 orange crystal plate armour (worn) {Archmagi, Int+3 Clar}
   (You found it on level 1 of the Elven Halls)

   Int:       It affects your intelligence (+3).
   Clar:      It protects you against confusion.
 W - the +1 pair of boots "Fiuru" (worn) {Will++ MP+9}
   (You found it on level 2 of the Realm of Zot)

   MP:        It affects your magic capacity (+9).
   Will:      It greatly increases your willpower.
 Y - a scarf of resistance (worn)
   (You found it in an ice cave)
Jewellery
 o - an amulet of reflection (around neck)
   (You bought it in a shop on level 1 of the Orcish Mines)
 C - a ring of resist corrosion
   (You found it in an ice cave)
 F - the ring "Dutapn" {rElec rF+ rC+}
   (You found it on level 13 of the Dungeon)

   [ring of protection from cold]

   rF:        It protects you from fire.
   rC:        It protects you from cold.
   rElec:     It insulates you from electricity.
 I - a ring of protection from cold
   (You found it on level 6 of the Dungeon)
 J - the ring of Recklessness {Fly rElec rF- Dex+10 Slay+3}
   (You found it on level 5 of the Vaults)

   [ring of flight]

   Dex:       It affects your dexterity (+10).
   Slay:      It affects your accuracy & damage with ranged weapons and melee
   (+3).
   rF:        It makes you vulnerable to fire.
   rElec:     It insulates you from electricity.
   Fly:       It grants you flight.
 N - the ring "Poicuvoor" (left hand) {Wiz +Blink rF- rN+++ Slay+3}
   (You took it off a salamander on level 3 of the Depths)

   [ring of wizardry]

   It improves your spell success rate.
   Slay:      It affects your accuracy & damage with ranged weapons and melee
   (+3).
   rF:        It makes you vulnerable to fire.
   rN:        It renders you almost immune to negative energy.
   +Blink:    It lets you blink.
 P - a ring of protection from fire
   (You found it in an ice cave)
 S - the ring of Tobakas (right hand) {Slay+6 SInv}
   (You bought it in a shop on level 1 of the Orcish Mines)

   [ring of see invisible]

   Slay:      It affects your accuracy & damage with ranged weapons and melee
   (+6).
   SInv:      It lets you see invisible.
 V - the ring "Ofoa" {Fly rElec rF+ MP+9 Str+3 Stlth-}
   (You took it off a spriggan air mage in a wizard's laboratory)

   [ring of flight]

   Str:       It affects your strength (+3).
   rF:        It protects you from fire.
   rElec:     It insulates you from electricity.
   MP:        It affects your magic capacity (+9).
   Fly:       It grants you flight.
   Stlth:     It makes you less stealthy.
 Z - a ring of willpower
   (You found it in an ice cave)
Wands
 l - a wand of mindburst (33)
   (You found it on level 3 of the Lair of Beasts)
 p - a wand of light (20)
   (You found it on level 2 of the Lair of Beasts)
 u - a wand of paralysis (22)
   (You found it on level 2 of the Lair of Beasts)
 D - a wand of digging (11)
   (You found it on level 6 of the Dungeon)
 M - a wand of polymorph (21)
   (You found it on level 3 of the Lair of Beasts)
Scrolls
 d - 2 scrolls of noise {!r}
 g - 10 scrolls of fear
 h - 7 scrolls of blinking
 j - 3 scrolls of immolation {!r}
 t - 32 scrolls of teleportation {@r4}
 x - 3 scrolls of silence
 y - 5 scrolls of fog
 E - 9 scrolls of poison {!r}
 K - 6 scrolls of magic mapping
Potions
 c - 5 potions of might
 e - a potion of invisibility
 m - 4 potions of mutation {!q}
 n - 28 potions of curing {@q1}
 q - 17 potions of heal wounds {@q2}
 s - 10 potions of flight
 v - 10 potions of lignification {!q}
 w - 3 potions of resistance
 z - 9 potions of haste {@q3}
 U - 3 potions of cancellation
Miscellaneous
 i - the horn of Geryon
   (You took it off Geryon in the Vestibule of Hell)
 G - a condenser vane
   (You found it on level 1 of the Tomb of the Ancients)
 Q - a tin of tremorstones (2/2)
   (You found it on level 1 of the Realm of Zot)
 R - a box of beasts
   (You found it on level 3 of the Elven Halls)
 T - a phantom mirror
   (You found it on level 1 of the Vaults)


   Skills:
 + Level 25.9 Fighting
 - Level 4.0 Long Blades
 - Level 24.5 Axes
 - Level 1.1(16.3) Polearms
 - Level 24.4 Ranged Weapons
 - Level 6.6 Throwing
 O Level 27 Armour
 + Level 18.2 Dodging
 - Level 11.3 Stealth
 + Level 17.1 Evocations


You had 26 spell levels left.
You didn't know any spells.
Your spell library was empty.

Dungeon Overview and Level Annotations

Branches:
Dungeon (15/15)            Temple (0/1) D:5            Lair (5/5) D:11
 Shoals (4/4) Lair:2        Snake (4/4) Lair:3        Slime (0/5) Lair:4
    Orc (2/2) D:10            Elf (3/3) Orc:2        Vaults (5/5) D:13
  Crypt (3/3) Vaults:2       Tomb (1/3) Crypt:3      Depths (4/4) D:15
   Hell (visited)             Dis (0/7) Hell            Geh (0/7) Hell
    Coc (0/7) Hell            Tar (0/7) Hell            Zot (5/5) Depths:4
  Sewer (visited)         Ossuary (visited)           IceCv (visited)
 WizLab (visited)

Altars:
Ashenzari
Cheibriados
Elyvilon
Gozag
Hepliaklqana
Kikubaaqudgha
Makhleb
Nemelex Xobeh
Okawaru
Qazlal
Sif Muna
Trog
Uskayaw
Vehumet
Xom
Yredelemnul
Zin
The Shining One
Lugonu

Shops:
D:14 *   Orc:1 =   Orc:2 (!:?   Elf:2 *   Snake:2 [   Snake:3 ?   Vaults:5 [!=(

Portals:
Hell: Depths:1 Depths:2 Depths:3 Depths:4
Abyss: Depths:2 Depths:3
Pandemonium: Depths:2 Depths:4

Annotations:
D:6 2 runed translucent doors
Elf:2 3 runed translucent doors
Zot:5 3 runed translucent doors, scionoferis's ghost, master DrMo


Innate Abilities, Weirdness & Mutations

You have a pair of horns on your head.
You reflexively headbutt those who attack you in melee.
You are clumsy. (Dex -2)
Your body sometimes deteriorates upon taking damage.
You are somewhat resistant to further mutation.
A frigid envelope surrounds you and freezes all who hurt you.


Message History

You climb upwards.
A blizzard demon comes into view.
There is a stone staircase leading down here.
Your skin crawls.
You feel strong-willed. The blizzard demon gestures at you.
The bolt of cold misses you.
The blizzard demon waves its arms in wide circles.
The air twists around and strikes you!
You open the blizzard demon like a pillowcase!!!
Your headbutt misses the blizzard demon.
The blizzard demon gestures at you. The bolt of cold hits you. You resist.
You completely miss the blizzard demon.
Your headbutt misses the blizzard demon.
The blizzard demon waves its arms in wide circles.
The air twists around and strikes you.
You carve the blizzard demon like a ham!!!!
You kill the blizzard demon!
Trog accepts your kill.
You feel the effects of Trog's Hand fading.
There is a stone staircase leading up here.
You climb upwards.
There is a stone staircase leading down here.
Your skin stops crawling.
You feel less strong-willed.
You hear a grinding noise.
A cacodemon, a sixfirhy and an orange demon come into view.
The orange demon screeches!
You hear a grinding noise.
There is a stone staircase leading up here.
You climb upwards.
There is a stone staircase leading down here.
You open the door.
There is an open door here.
A toenail golem comes into view.
Your skin crawls.
You feel strong-willed.
You slice the toenail golem like a ripe choko!!!
You block the toenail golem's attack.
You hit the toenail golem but do no damage.
You headbutt the toenail golem. The toenail golem closely misses you.
You open the toenail golem like a pillowcase!!!!
You destroy the toenail golem!
Trog accepts your kill.
There is an open door here.
Why would you want to do that?
Something unseen opens the door.
There is a staircase leading out of the dungeon here.
You can't go down here!
You have escaped!

#####
♣~.@# ##
♣♣..# .#
♣~.≈# .#
#♣..~# .#
####~..♣#
.#
#..'..~~#
.#
#.##♣.♣♣#
.#
#.##♣.♣
.#
##..##'#


There were no monsters in sight!

Vanquished Creatures
  4 dread liches
  4 orbs of fire
  Mennas (Depths:2)
  Khufu (Crypt:3)
  7 ancient liches
  The ghost of Meadakhi the Spry, a master DgEE (Zot:2)
  A juggernaut (Depths:2)
  3 royal mummies
  Frederick (Vaults:2)
  Margery (Vaults:3)
  5 Killer Klowns
  A caustic shrike (Depths:2)
  7 golden dragons
  5 curse toes
  Geryon (Hell)
  The ghost of Katt the Executioner, an adept MiFi of the Shining One (Crypt:1)
  2 bone dragons (Depths:4)
  The ghost of Pikuto the Slayer, an adept MiBe of Trog (Depths:1)
  The ghost of Onexaaje the Warrior, an adept GrFi of Cheibriados (Crypt:1)
  A Brimstone Fiend (D:7)
  2 electric golems (Zot:5)
  14 tentacled monstrosities
  2 Ice Fiends
  Rupert (D:13)
  Jorgrun (Elf:2)
  Cloud Mage (WizLab)
  2 liches (Crypt:3)
  26 Orb Guardians
  4 deep elf blademasters (Elf:3)
  Mlioglotl (Shoals:2)
  6 quicksilver dragons
  5 titans
  4 walking frostbound tomes (Zot:4)
  4 deep elf master archers (Elf:3)
  A kraken (Shoals:3)
  A walking divine tome (Zot:4)
  13 sphinxes
  9 death cobs
  13 ancient champions
  Murray (Depths:1)
  9 shadow dragons
  5 revenants
  7 tengu reavers (Vaults:5)
  22 storm dragons
  The ghost of Guankirch the Convoker, an adept HuSu of Hepliaklqana (Elf:3)
  An azure jelly (Zig:6)
  Ilsuiw (Shoals:2)
  The ghost of wormed the Imperceptible, an adept SpHu of Okawaru (Elf:3)
  6 nagarajas
  4 narguns (Zot:4)
  2 draconian knights
  7 draconian monks
  10 fire giants
  3 frost giants
  2 iron dragons (Depths:1)
  Aizul (Crypt:1)
  2 balrugs
  3 ghost moths
  8 vault wardens
  13 deep elf sorcerers
  6 draconian scorchers
  10 draconian annihilators
  Louise (Shoals:2)
  13 ghouls
  7 draconian shifters
  4 draconian stormcallers
  4 curse skulls
  2 war gargoyles
  An orc warlord (Vaults:1)
  4 deep elf elementalists (Elf:3)
  15 very ugly things
  2 spriggan defenders (Depths:2)
  10 reapers
  A caustic shrike skeleton (Depths:1)
  13 ironbound preservers
  12 stone giants
  An eleionoma (Zig:5)
  8 vampire knights
  3 ironbound thunderhulks (Vaults:1)
  Nessos (Orc:2)
  7 deep elf annihilators (Elf:3)
  12 green draconians
  3 deep elf demonologists
  12 yellow draconians
  8 black draconians
  12 dire elephants
  2 wendigos (Zig:6)
  19 red draconians
  2 bennus (Tomb:1)
  13 white draconians
  8 spark wasps
  13 purple draconians
  Snorg (D:10)
  10 eidola
  2 fire dragons
  7 mummy priests (Tomb:1)
  5 blizzard demons
  4 jiangshi
  11 merfolk impalers
  2 entropy weavers
  9 ettins
  7 deep elf death magi
  A merfolk javelineer (Shoals:4)
  16 yaktaur captains
  A quicksilver dragon skeleton (Crypt:3)
  5 great orbs of eyes
  10 deep elf high priests
  2 fenstrider witch zombies
  9 hydras
  A hell beast (Depths:1)
  38 vault guards
  A hydra (shapeshifter) (Vaults:4)
  3 rakshasas
  5 ghost crabs (WizLab)
  3 peacekeepers
  3 ice dragons
  7 spriggan air magi
  A death knight (Crypt:1)
  8 centaur warriors
  An alligator (Zig:1)
  7 ogre magi
  6 satyrs
  17 anacondas
  2 merfolk avatars (Shoals:2)
  The ghost of experimilk the Arsonist, a journeyman DrCj of Vehumet (Lair:2)
  7 boulder beetles
  5 deep troll shamans
  10 two-headed ogres
  A spriggan skeleton (Depths:1)
  4 salamander tyrants
  6 catoblepae
  15 dancing weapons
  19 naga warriors
  A two-headed ogre (shapeshifter) (Zig:8)
  A spectral stone giant (Crypt:3)
  10 merfolk aquamancers
  10 death yaks
  An alligator (shapeshifter) (Zig:3)
  7 ironbound frosthearts
  2 orc high priests
  2 shock serpents (shapeshifter) (Vaults:5)
  9 tengu warriors
  5 vampire magi
  9 hell hogs
  5 deep troll earth magi
  5 soul eaters
  Urug (D:13)
  2 spriggan berserkers
  12 naga sharpshooters
  4 spriggans
  17 shock serpents
  20 deep elf knights
  12 hell knights
  7 sun demons
  A storm dragon zombie (Tomb:1)
  30 skeletal warriors
  11 shadow wraiths
  6 iron trolls
  11 salamander mystics
  An anaconda zombie (Tomb:1)
  11 sea snakes
  A spectral bunyip (Crypt:3)
  2 death drakes (WizLab)
  5 sixfirhies
  A goliath frog (Zig:5)
  4 flayed ghosts
  A ghost moth zombie (Crypt:1)
  4 glowing orange brains
  A swamp dragon (Zig:1)
  10 deep elf archers
  9 naga ritualists
  2 spriggan simulacra (Crypt:2)
  A spriggan druid (Zig:5)
  63 deep trolls
  2 bog bodies (Crypt:3)
  6 necromancers
  7 lindwurms
  4 wizards
  27 harpies
  An anaconda skeleton (Hell)
  17 ironbound convokers
  3 orc knights
  26 deep elf zephyrmancers
  31 phantasmal warriors
  A stone giant zombie (Depths:1)
  27 deep elf pyromancers
  25 ugly things
  3 iron dragon zombies
  26 salamanders
  18 mana vipers
  7 oklob plants
  8 orc sorcerers
  15 manticores
  A sphinx skeleton (Crypt:2)
  32 moths of wrath
  8 cyclopes
  A toenail golem (D:1)
  17 fauns
  A will-o-the-wisp (Zig:5)
  A dire elephant zombie (Tomb:1)
  An elephant (shapeshifter) (Vaults:5)
  2 rust devils (Depths:1)
  14 water nymphs
  12 merfolk sirens
  11 guardian serpents
  22 elephants
  3 ice statues
  36 black mambas
  3 apocalypse crabs
  A naga zombie (Tomb:1)
  A spectral centaur (Crypt:3)
  Maurice (D:13)
  25 naga magi
  A black mamba (shapeshifter) (Vaults:5)
  20 vault sentinels
  2 alligator snapping turtle zombies (Crypt:2)
  2 titan simulacra
  5 gargoyles
  4 molten gargoyles
  6 smoke demons
  A centaur skeleton (Crypt:2)
  3 kobold demonologists (D:12)
  6 cane toads
  11 rime drakes
  A dire elephant skeleton (Crypt:2)
  An unseen horror (D:10)
  3 hellions
  6 komodo dragons
  9 ice devils
  9 freezing wraiths
  8 tengu conjurers
  A rime drake (shapeshifter) (Depths:3)
  A spectral naga (Crypt:3)
  3 red devils
  6 trolls
  14 yaktaurs
  A spectral harpy (Crypt:3)
  17 guardian mummies
  A hydra zombie (Hell)
  2 harpy zombies (Crypt:2)
  A queen bee (Lair:1)
  A green draconian skeleton (Crypt:3)
  27 merfolk
  An anaconda simulacrum (Hell)
  A tyrant leech (Zig:5)
  A polar bear (Lair:3)
  11 wind drakes
  6 hornets
  3 raiju (D:14)
  2 alligator zombies (Hell)
  8 dream sheep
  A dream sheep (shapeshifter) (D:15)
  A raiju (shapeshifter) (Elf:3)
  An ettin zombie (Crypt:2)
  A black mamba zombie (Crypt:2)
  9 blink frogs
  A boulder beetle zombie (Crypt:1)
  A tarantella zombie (Crypt:1)
  9 snapping turtles
  A centaur simulacrum (Crypt:2)
  A jumping spider zombie (Crypt:2)
  16 slime creatures
  A snapping turtle (shapeshifter) (Depths:2)
  An alligator skeleton (Crypt:1)
  14 flying skulls
  11 wraiths
  15 shadows
  14 air elementals
  39 water elementals
  42 yaks
  An ushabti (Tomb:1)
  5 fire elementals
  16 humans (D:13)
  7 wyverns
  A yak (shapeshifter) (Vaults:5)
  3 basilisks
  A catoblepas simulacrum (Lair:2)
  3 redbacks (Vaults:4)
  6 vampire mosquitoes
  A steam dragon (D:8)
  4 chaos spawn
  A water nymph zombie (Crypt:3)
  57 nagas
  A glowing shapeshifter zombie (Depths:1)
  A merfolk zombie (Crypt:2)
  6 wargs
  A human zombie (Depths:1)
  2 acid dragons
  2 hydra simulacra (Hell)
  11 water moccasins
  2 ice beasts
  A black bear (D:4)
  A sky beast (D:6)
  A sky beast (shapeshifter) (D:15)
  Pargi (Sewer)
  2 black mamba simulacra (Lair:2)
  19 orc warriors
  12 ogres
  5 boggarts (Vaults:1)
  15 centaurs
  A centaur (shapeshifter) (D:13)
  5 wolves (Lair:2)
  9 bullfrogs
  4 kobold brigands
  An earth elemental (Elf:1)
  9 necrophages
  A komodo dragon skeleton (Crypt:3)
  2 water moccasin zombies (Ossuary)
  Blork the orc (D:5)
  A gnoll sergeant (D:7)
  A draconian skeleton (Crypt:1)
  A cane toad simulacrum (Lair:2)
  5 scorpions
  A scorpion (shapeshifter) (Zig:8)
  5 wights (D:6)
  2 lindwurm simulacra (IceCv)
  41 killer bees
  5 electric eels
  2 howler monkeys (D:13)
  3 vampire bats (D:10)
  4 crimson imps (Depths:1)
  4 centaur zombies (Ossuary)
  2 gnoll boudas
  2 bullfrog zombies (Ossuary)
  2 water moccasin simulacra (Lair:2)
  6 hounds
  6 jellies
  3 komodo dragon simulacra
  9 orc priests
  A basilisk skeleton (Crypt:2)
  A human skeleton (Crypt:3)
  7 iguanas
  11 hell rats
  34 orc wizards
  Ijyb (D:3)
  A scorpion zombie (Ossuary)
  A yak simulacrum (Lair:2)
  An acid dragon zombie (Crypt:3)
  A sky beast zombie (Crypt:1)
  25 mummies
  7 gnolls
  8 acid dragon simulacra (IceCv)
  10 adders
  A howler monkey skeleton (Crypt:1)
  A steam dragon skeleton (Crypt:3)
  A white imp (D:4)
  9 steam dragon simulacra (IceCv)
  3 adder zombies (Ossuary)
  2 worm zombies (D:6)
  An adder skeleton (Crypt:2)
  A jelly zombie (Crypt:2)
  2 dart slugs (D:1)
  64 orcs
  6 ball pythons
  2 bat skeletons (D:10)
  6 bat zombies
  15 endoplasms
  A giant cockroach (D:4)
  3 gnoll zombies (Ossuary)
  10 goblins
  7 hobgoblins
  3 jackals (D:5)
  17 kobolds
  2 quokkas
  18 bats
  2 frilled lizards (D:1)
  A gnoll skeleton (Crypt:1)
  A goblin zombie (Ossuary)
  2 hobgoblin zombies (Ossuary)
  A kobold zombie (Crypt:3)
  4 orc zombies (Ossuary)
  6 rats
  A river rat skeleton (Crypt:1)
  A butterfly (Lair:1)
  A fire vortex (Depths:3)
2550 creatures vanquished.

Vanquished Creatures (collateral kills)
  An azure jelly (shapeshifter) (Zig:8)
  A naga mage (Zig:7)
  A naga (Zig:7)
3 creatures vanquished.

Vanquished Creatures (others)
  A draconian knight (Zot:1)
  A blizzard demon (WizLab)
  A spriggan air mage (WizLab)
  A tengu conjurer (Depths:3)
  A wind drake (WizLab)
  59 bushes
  4 foxfires (Zig:5)
  43 fungi
  74 plants
  4 tentacles (Shoals:3)
  12 toadstools (D:2)
201 creatures vanquished.

Grand Total: 2754 creatures vanquished

Notes
Turn   | Place    | Note
-------+----------+-------------------------------------------
     0 | D:1      | Pooter the Minotaur Monk began the quest for the Orb.
     0 | D:1      | Reached XP level 1. HP: 19/19 MP: 0/0
   157 | D:1      | Reached XP level 2. HP: 27/27 MP: 1/1
   489 | D:1      | Reached XP level 3. HP: 33/33 MP: 2/2
   690 | D:2      | Found a bloodstained altar of Trog.
   700 | D:2      | Became a worshipper of Trog the Wrathful
   700 | D:2      | Reached * piety under Trog
   700 | D:2      | Reached ** piety under Trog
   791 | D:2      | Reached skill level 1 in Long Blades
  1140 | D:2      | Reached XP level 4. HP: 41/41 MP: 3/3
  1425 | D:2      | Reached skill level 5 in Fighting
  1425 | D:2      | Reached XP level 5. HP: 48/48 MP: 4/4
  1570 | D:2      | Found a faded altar of an unknown god.
  2001 | D:3      | Found a sparkling altar of Nemelex Xobeh.
  2092 | D:3      | Found a white marble altar of Elyvilon.
  2111 | D:3      | Noticed Ijyb
  2123 | D:3      | Killed Ijyb
  2291 | D:3      | Found a faded altar of an unknown god.
  2291 | D:3      | Found a hazy altar of Hepliaklqana.
  2291 | D:3      | Found a faded altar of an unknown god.
  2496 | D:4      | Noticed an ogre
  2659 | D:4      | Found a glowing drain.
  2676 | Sewer    | Entered a sewer
  2699 | Sewer    | Reached XP level 6. HP: 56/56 MP: 5/5
  2700 | Sewer    | Noticed Pargi
  2715 | Sewer    | Killed Pargi
  3085 | D:4      | Reached skill level 5 in Axes
  3536 | D:4      | Reached XP level 7. HP: 63/63 MP: 6/6
  3733 | D:5      | Entered Level 5 of the Dungeon
  3950 | D:4      | Reached skill level 1 in Evocations
  4102 | D:5      | Reached skill level 5 in Stealth
  4218 | D:5      | Found a staircase to the Ecumenical Temple.
  4233 | D:5      | Noticed Blork the orc
  4241 | D:5      | Killed Blork the orc
  4242 | D:5      | Reached XP level 8. HP: 73/73 MP: 7/7
  4301 | D:5      | Found a snail-covered altar of Cheibriados.
  4566 | D:6      | Found a broken altar of Ashenzari.
  4575 | D:6      | Reached skill level 1 in Polearms
  4607 | D:6      | Found a sand-covered staircase.
  4617 | D:6      | Identified the +7 hand axe of Change {heavy, Fly rN+
                  | Stlth+}
  4675 | Ossuary  | Entered an ossuary
  4681 | Ossuary  | Reached *** piety under Trog
  4821 | Ossuary  | Noticed a silent spectre
  5097 | D:6      | Found a large runed translucent door.
  5097 | D:6      | Found a large runed translucent door.
  5099 | D:6      | Noticed a manticore
  5099 | D:6      | Noticed a hornet
  5106 | D:6      | Paralysed by a hornet for 2 turns
  5108 | D:6      | Killed a hornet
  5109 | D:6      | Reached XP level 9. HP: 39/81 MP: 8/8
  5109 | D:6      | Killed a manticore
  5119 | D:6      | Found a large runed translucent door.
  5119 | D:6      | Found a large runed translucent door.
  5221 | D:6      | Identified the +6 sling of Transmuting Anguish {drain,
                  | *Slow Dex+5}
  5305 | D:6      | Noticed a gargoyle
  5311 | D:6      | Killed a gargoyle
  5312 | D:6      | Reached skill level 1 in Ranged Weapons
  5531 | D:6      | Noticed a cyclops
  5535 | D:6      | Killed a cyclops
  5991 | D:7      | Reached XP level 10. HP: 90/90 MP: 9/9
  6077 | D:7      | Found an iron altar of Okawaru.
  6175 | D:7      | Identified the +4 long sword of the Sky {spect, rCorr}
  7363 | D:8      | Noticed a boulder beetle
  7374 | D:8      | Killed a boulder beetle
  7375 | D:8      | Reached skill level 10 in Axes
  7640 | D:8      | Found a bloodstained altar of Trog.
  8014 | D:9      | Reached skill level 5 in Ranged Weapons
  8305 | D:9      | Found a stormy altar of Qazlal.
  8434 | D:9      | Reached skill level 1 in Armour
  8684 | D:10     | Entered Level 10 of the Dungeon
  9069 | D:10     | Reached skill level 2 in Armour
  9075 | D:10     | Reached XP level 11. HP: 94/97 MP: 8/10
  9084 | D:10     | Found a staircase to the Orcish Mines.
  9443 | D:10     | Found a burning altar of Makhleb.
  9443 | D:10     | Found a hide-covered altar of Uskayaw.
  9747 | D:10     | Found an ancient bone altar of Kikubaaqudgha.
  9794 | D:10     | Reached skill level 3 in Armour
  9967 | D:10     | Noticed a two-headed ogre
  9973 | D:10     | Killed a two-headed ogre
 10045 | D:10     | Noticed a skeletal warrior
 10046 | D:10     | Noticed an eight-headed hydra
 10059 | D:10     | Killed a skeletal warrior
 10060 | D:10     | Reached skill level 10 in Fighting
 10303 | D:10     | Noticed an orc knight
 10414 | D:10     | Killed an eight-headed hydra
 10415 | D:10     | Reached skill level 4 in Armour
 10422 | D:10     | Killed an orc knight
 10850 | Orc:1    | Entered Level 1 of the Orcish Mines
 10850 | Orc:1    | Noticed Snorg
 10961 | Orc:1    | Noticed an orc knight
 11013 | D:10     | Killed an orc knight
 11015 | D:10     | Killed Snorg
 11572 | Orc:1    | Noticed an orc sorcerer
 11646 | Orc:1    | Killed an orc sorcerer
 11647 | Orc:1    | Reached skill level 5 in Armour
 11843 | Orc:1    | Found Jiurosu's Jewellery Shop.
 11846 | Orc:1    | Bought a ring of flight for 245 gold pieces
 11846 | Orc:1    | Bought the ring of Tobakas {Slay+6 SInv} for 660 gold
                  | pieces
 12110 | D:11     | Noticed a two-headed ogre
 12245 | D:10     | Killed a two-headed ogre
 12246 | D:10     | Reached XP level 12. HP: 108/108 MP: 7/11
 12936 | D:11     | Reached **** piety under Trog
 13072 | D:11     | Found a staircase to the Lair.
 13078 | D:11     | Reached skill level 6 in Armour
 13301 | D:11     | Noticed a boulder beetle
 13308 | D:11     | Killed a boulder beetle
 13488 | Orc:1    | Bought a ring of poison resistance for 280 gold pieces
 13554 | Lair:1   | Entered Level 1 of the Lair of Beasts
 13558 | Lair:1   | Reached skill level 10 in Ranged Weapons
 14138 | Lair:1   | Noticed a catoblepas
 14146 | Lair:1   | Killed a catoblepas
 14147 | Lair:1   | Reached skill level 7 in Armour
 14869 | Lair:2   | Found a frozen archway.
 14889 | IceCv    | Entered an ice cave
 16140 | IceCv    | Noticed a white draconian
 16152 | IceCv    | Reached XP level 13. HP: 117/117 MP: 10/12
 16155 | IceCv    | Killed a white draconian
 16469 | Lair:2   | Found a runed translucent gate.
 16469 | Lair:2   | Found a runed translucent gate.
 16469 | Lair:2   | Found a runed translucent gate.
 16819 | Lair:2   | Reached skill level 15 in Axes
 16997 | Lair:2   | Noticed experimilk's ghost (journeyman DrCj)
 17085 | Lair:2   | Found a staircase to the Shoals.
 17097 | Lair:2   | Reached skill level 8 in Armour
 17464 | Lair:2   | Reached skill level 5 in Evocations
 17466 | Lair:2   | Killed experimilk's ghost
 17595 | Lair:2   | Identified the +1 pair of gloves of Ruevo {rPois Dex+7}
 17691 | Lair:3   | Found a staircase to the Snake Pit.
 18616 | Lair:3   | Reached skill level 9 in Armour
 19239 | Lair:4   | Reached XP level 14. HP: 127/127 MP: 13/13
 19534 | Lair:4   | Identified the +2 dagger "Barasac" {spect, rN+}
 19636 | Lair:4   | Found a staircase to the Slime Pits.
 19930 | Lair:5   | Entered Level 5 of the Lair of Beasts
 20685 | Lair:5   | Identified the +7 rapier "Odiloj" {heavy, Str+4}
 20936 | Lair:5   | Reached skill level 10 in Armour
 21527 | Orc:1    | Bought an amulet of reflection for 420 gold pieces
 21857 | D:12     | Identified the +7 chain mail of Luosiap {*Slow Will+ rCorr}
 22532 | D:13     | Reached ***** piety under Trog
 22656 | D:13     | Noticed Maurice
 22682 | D:13     | Noticed Rupert
 22689 | D:13     | Killed Maurice
 22692 | D:13     | Killed Rupert
 22693 | D:13     | Reached XP level 15. HP: 137/137 MP: 14/14
 22701 | D:13     | Noticed Urug
 22715 | D:13     | Killed Urug
 22788 | D:13     | Found a gate to the Vaults.
 22792 | D:13     | Identified the ring "Dutapn" {rElec rF+ rC+}
 22795 | D:13     | Upgraded the game from 0.30-a0-576-g89cddaab80 to
                  | 0.30-a0-578-gdee14c521f
 22833 | D:13     | You fall into a shaft and drop 2 floors!
 22833 | D:15     | Entered Level 15 of the Dungeon
 23339 | D:15     | Found a corrupted altar of Lugonu.
 23910 | D:15     | Reached skill level 11 in Armour
 24103 | D:15     | Found a staircase to the Depths.
 24235 | D:14     | Reached skill level 15 in Ranged Weapons
 24690 | D:14     | Noticed a storm dragon
 24696 | D:14     | Killed a storm dragon
 24924 | D:14     | Got the +9 demon trident of the Pits of Slime {elec, rC+}
 24976 | D:14     | Found Voitof's General Store.
 25043 | D:14     | Bought a scroll of poison for 68 gold pieces
 25043 | D:14     | Bought a scroll of fog for 68 gold pieces
 25299 | D:13     | Found a glowing silver altar of Zin.
 25969 | Orc:2    | Entered Level 2 of the Orcish Mines
 26221 | Orc:2    | Noticed Nessos
 26224 | Orc:2    | Killed Nessos
 26224 | Orc:2    | Received a gift from Trog
 27894 | Orc:2    | Found Qicsut's Book Shop.
 28107 | Orc:2    | Found Mawapaown's Magic Scroll Boutique.
 28114 | Orc:2    | Bought a scroll of enchant weapon for 127 gold pieces
 28114 | Orc:2    | Bought a scroll of enchant armour for 127 gold pieces
 28884 | Orc:2    | Found a radiant altar of Vehumet.
 29232 | Orc:2    | Received a gift from Trog
 29539 | Orc:2    | Found an ancient bone altar of Kikubaaqudgha.
 29585 | Orc:2    | Reached XP level 16. HP: 147/147 MP: 15/15
 29885 | Orc:2    | Found Nerostun's Distillery.
 29892 | Orc:2    | Found Ysoech's Antique Weapon Boutique.
 29894 | Orc:2    | Bought a potion of mutation for 112 gold pieces
 29894 | Orc:2    | Bought a potion of mutation for 112 gold pieces
 29894 | Orc:2    | Bought a potion of resistance for 140 gold pieces
 29894 | Orc:2    | Bought a potion of might for 56 gold pieces
 30503 | Orc:2    | Found a staircase to the Elven Halls.
 30604 | Elf:1    | Entered Level 1 of the Elven Halls
 31479 | Elf:1    | Received a gift from Trog
 31787 | Elf:1    | Reached skill level 15 in Fighting
 32100 | Elf:1    | Found the +8 orange crystal plate armour {Archmagi, Int+3
                  | Clar}
 32461 | Elf:1    | HP: 11/223 [+2 scimitar of pain (8)]
 32787 | Elf:1    | Reached skill level 12 in Armour
 32849 | Elf:2    | Noticed Jorgrun
 33036 | Elf:2    | Killed Jorgrun
 33162 | Elf:2    | Found Enoumei's General Store.
 33169 | Elf:2    | Identified the +8 quarterstaff of Reinforcement {flame,
                  | Drain rF++ Str+3} (Trog gifted it to you on level 2 of the
                  | Elven Halls)
 33169 | Elf:2    | Received a gift from Trog
 34191 | Elf:2    | Found a runed translucent gate.
 34193 | Elf:2    | Found a runed translucent gate.
 34194 | Elf:2    | Found a runed translucent gate.
 34256 | Elf:2    | Reached skill level 13 in Armour
 34708 | Elf:3    | Entered Level 3 of the Elven Halls
 34913 | Elf:3    | Reached XP level 17. HP: 149/156 MP: 16/16
 34915 | Elf:3    | Received a gift from Trog
 34950 | Elf:3    | Found a shimmering blue altar of Sif Muna.
 34969 | Elf:3    | Found a runed translucent gate.
 34970 | Elf:3    | Found a runed translucent gate.
 34970 | Elf:3    | Found a runed translucent gate.
 34972 | Elf:3    | Noticed wormed's ghost (adept SpHu)
 34972 | Elf:3    | Noticed Guankirch's ghost (adept HuSu)
 34982 | Elf:3    | Killed Guankirch's ghost
 35045 | Elf:3    | Killed wormed's ghost
 35051 | Elf:3    | Identified the +0 pair of boots "Quciorch" {rElec Int+2
                  | Dex-2}
 35595 | Elf:3    | Noticed a deep elf master archer
 35605 | Elf:3    | Killed a deep elf master archer
 36037 | Elf:3    | Noticed a deep elf blademaster
 36050 | Elf:3    | Killed a deep elf blademaster
 37310 | Elf:3    | Noticed a deep elf blademaster
 37318 | Elf:3    | Killed a deep elf blademaster
 37827 | Elf:3    | Identified the +6 whip of Huygouw {heavy, Will+ MP+9}
 38235 | Elf:3    | Reached skill level 14 in Armour
 38349 | Elf:3    | Noticed an Ice Fiend
 38352 | Elf:3    | Noticed a Tzitzimitl
 38880 | Elf:3    | Identified the +9 whip of the Eternal Warrior {pain, rF+
                  | rN+ Stlth+}
 39400 | Elf:3    | Noticed a deep elf master archer
 39403 | Elf:3    | Killed a deep elf master archer
 39452 | Elf:3    | Noticed a deep elf blademaster
 39460 | Elf:3    | Killed a deep elf blademaster
 41211 | Elf:3    | Noticed a deep elf blademaster
 41219 | Elf:3    | Killed a deep elf blademaster
 41221 | Elf:3    | Identified the +6 great sword "Seumofui" {pain, rN+}
 41221 | Elf:3    | Identified the ring "Gubi" {Fire rN+ Str-3 Dex+3 SInv}
 41436 | Elf:3    | Noticed a deep elf master archer
 41438 | Elf:3    | Identified the +4 hand axe "Jiegif" {drain, Str+4 Int-5
                  | Dex+7 Stlth+}
 41451 | Elf:3    | Killed a deep elf master archer
 41801 | Elf:3    | Found the +18 shield of the Gong {rElec rN+ Will+ EV-5}
 42098 | Elf:3    | Noticed a deep elf master archer
 42103 | Elf:3    | Killed a deep elf master archer
 42585 | Snake:1  | Entered Level 1 of the Snake Pit
 43662 | Snake:1  | Reached skill level 15 in Armour
 43997 | Snake:1  | Identified the +7 sling of Glory {drain, Str+3 Dex+4
                  | Stlth+}
 44288 | Snake:1  | Reached XP level 18. HP: 95/168 MP: 17/17
 44718 | Snake:1  | Upgraded the game from 0.30-a0-578-gdee14c521f to
                  | 0.30-a0-585-g93115170b9
 46121 | Snake:2  | Reached skill level 1 in Throwing
 47122 | Snake:2  | Found Tohuxk Tioj's Armour Shop.
 49352 | Snake:3  | Reached skill level 16 in Armour
 50918 | Snake:3  | Found Kythryul's Magic Scroll Shoppe.
 50923 | Snake:3  | Bought a scroll of enchant weapon for 105 gold pieces
 50938 | Snake:3  | Received a gift from Trog
 51027 | Snake:3  | Reached skill level 5 in Dodging
 51844 | Snake:4  | Entered Level 4 of the Snake Pit
 51956 | Snake:4  | Identified the +0 buckler "Dof Uloc" {Contam Regen+ Dex+8}
 53125 | Snake:4  | Received a gift from Trog
 53638 | Snake:4  | Reached XP level 19. HP: 138/177 MP: 18/18
 54808 | Snake:4  | Reached skill level 17 in Armour
 54938 | Snake:4  | Got a serpentine rune of Zot
 55181 | Shoals:1 | Entered Level 1 of the Shoals
 55194 | Shoals:1 | Received a gift from Trog
 56941 | Shoals:2 | Reached skill level 5 in Throwing
 57320 | Shoals:2 | Received a gift from Trog
 57324 | Shoals:2 | Noticed Ilsuiw
 57338 | Shoals:2 | Killed Ilsuiw
 57977 | Shoals:2 | Noticed Mlioglotl
 57984 | Shoals:2 | Killed Mlioglotl
 58005 | Shoals:2 | Noticed Louise
 58014 | Shoals:2 | Killed Louise
 58396 | Shoals:3 | Reached skill level 10 in Stealth
 59331 | Shoals:4 | Entered Level 4 of the Shoals
 59331 | Shoals:4 | Found an opulent altar of Gozag.
 59340 | Shoals:4 | Reached skill level 18 in Armour
 59406 | Shoals:4 | Paralysed by an air elemental for 1 turns
 59446 | Shoals:4 | Received a gift from Trog
 59446 | Shoals:4 | Found the +11 plutonium sword {Contam Stlth-}
 59867 | Shoals:4 | Identified a scroll of acquirement
 59878 | Shoals:4 | Acquired a +5 triple crossbow of freezing
 60115 | Shoals:4 | Reached XP level 20. HP: 168/177 MP: 19/19
 60490 | Shoals:4 | Received a gift from Trog
 60491 | Shoals:4 | Identified the +0 leather armour of Fortification {Fly}
 60518 | Shoals:4 | Paralysed by an air elemental for 1 turns
 62141 | Shoals:4 | Got a barnacled rune of Zot
 62557 | Vaults:1 | Entered Level 1 of the Vaults
 62893 | Vaults:1 | Received a gift from Trog
 63279 | Vaults:1 | Identified the +1 chain mail "Zaqut" {-Tele rC++}
 63515 | Vaults:1 | Identified the +1 leather armour of the Tundras {Stlth+}
 63840 | Vaults:1 | Reached skill level 19 in Armour
 64131 | Vaults:1 | Received a gift from Trog
 64408 | Vaults:1 | Reached skill level 10 in Evocations
 64807 | Vaults:2 | Noticed Frederick
 64813 | Vaults:2 | Killed Frederick
 64820 | Vaults:2 | Found a staircase to the Crypt.
 64820 | Vaults:2 | Found a basalt altar of Yredelemnul.
 64820 | Vaults:2 | Found an ancient bone altar of Kikubaaqudgha.
 64987 | Vaults:2 | Found a magical portal.
 64999 | WizLab   | Entered The Chambers of the Cloud Mage
 65012 | WizLab   | Paralysed by an air elemental for 1 turns
 65045 | WizLab   | Paralysed by an air elemental for 1 turns
 65117 | WizLab   | Paralysed by an air elemental for 1 turns
 65157 | WizLab   | Paralysed by an air elemental for 1 turns
 65160 | WizLab   | Paralysed by an air elemental for 1 turns
 65591 | WizLab   | Identified the ring "Ofoa" {Fly rElec rF+ MP+9 Str+3
                  | Stlth-}
 65973 | WizLab   | Noticed Qibeg
 65984 | WizLab   | Killed Qibeg the Cloud Mage
 66177 | WizLab   | Identified the ring of Utzuj {Fly rPois Int+4}
 66321 | Vaults:2 | Received a gift from Trog
 66554 | Vaults:2 | Reached XP level 21. HP: 143/188 MP: 20/20
 68263 | Vaults:3 | Reached skill level 20 in Armour
 68280 | Vaults:3 | Noticed Margery
 68292 | Vaults:3 | Killed Margery
 68300 | Vaults:3 | Received a gift from Trog
 71406 | Vaults:4 | Gained mutation: Your flesh is cold resistant. (rC+)
                  | [potion of mutation]
 71406 | Vaults:4 | Gained mutation: You are robust. (+10% HP) [potion of
                  | mutation]
 71406 | Vaults:4 | Gained mutation: You possess an exceptional clarity of
                  | mind. [potion of mutation]
 71406 | Vaults:4 | Gained mutation: You expend magic power (3 MP) to
                  | strengthen your wands. [potion of mutation]
 71407 | Vaults:4 | Lost mutation: You are robust. (+10% HP) [potion of
                  | mutation]
 71407 | Vaults:4 | Lost mutation: Your flesh is cold resistant. (rC+) [potion
                  | of mutation]
 71407 | Vaults:4 | Lost mutation: You expend magic power (3 MP) to strengthen
                  | your wands. [potion of mutation]
 71407 | Vaults:4 | Gained mutation: Your flesh is cold resistant. (rC+)
                  | [potion of mutation]
 71407 | Vaults:4 | Gained mutation: You have a pair of large horns on your
                  | head. [potion of mutation]
 71407 | Vaults:4 | Gained mutation: You are agile. (Dex +4, Str/Int -1)
                  | [potion of mutation]
 71489 | Vaults:4 | Received a gift from Trog
 72008 | Vaults:4 | Identified the +6 ring mail "Veixuceth" {rN+++ Dex-4 SInv}
 72625 | Depths:1 | Entered Level 1 of the Depths
 72728 | Depths:1 | Found a runed translucent door.
 72728 | Depths:1 | Noticed Pikuto's ghost (adept MiBe)
 72749 | Depths:1 | Killed Pikuto's ghost
 73008 | Depths:1 | Found a broken altar of Ashenzari.
 73025 | Depths:1 | Found a shimmering altar of Xom.
 73264 | Depths:1 | Reached XP level 22. HP: 162/206 MP: 21/21
 73532 | Depths:1 | Found a gateway to Hell.
 73709 | Depths:2 | Found a one-way gateway to a ziggurat.
 73721 | Depths:2 | Reached skill level 21 in Armour
 73789 | Zig:1    | Entered Level 1 of a ziggurat
 73806 | Zig:2    | Entered Level 2 of a ziggurat
 73831 | Zig:3    | Entered Level 3 of a ziggurat
 73856 | Zig:4    | Entered Level 4 of a ziggurat
 73860 | Zig:4    | Noticed a Killer Klown
 73869 | Zig:4    | Killed a Killer Klown
 74042 | Zig:4    | Identified the +7 spear of Bypithemp {protect, Str+4}
 74049 | Zig:4    | Identified the +6 shortbow "Diseon" {drain, Str+8 Int-4
                  | SInv}
 74055 | Zig:5    | Entered Level 5 of a ziggurat
 74064 | Zig:5    | Received a gift from Trog
 74145 | Zig:6    | Entered Level 6 of a ziggurat
 74151 | Zig:6    | Noticed an ancient lich
 74155 | Zig:6    | Paralysed by a wendigo for 1 turns
 74156 | Zig:6    | Killed an ancient lich
 74363 | Zig:6    | Identified the ring of the Vendetta {Str+2 SInv}
 74367 | Zig:7    | Entered Level 7 of a ziggurat
 74539 | Zig:7    | Identified the +5 falchion "Kided" {heavy, Str+4 Stlth+}
 74551 | Zig:7    | Reached XP level 23. HP: 215/215 MP: 22/22
 74555 | Zig:8    | Entered Level 8 of a ziggurat
 74577 | Zig:8    | Noticed a Killer Klown
 74584 | Zig:8    | Killed a Killer Klown
 74804 | Zig:8    | Identified the +7 sling of Eternal War {heavy, Fragile
                  | rPois MP+9 Stlth+}
 74824 | Depths:2 | Noticed a caustic shrike
 74830 | Depths:2 | Killed a caustic shrike
 74871 | Depths:2 | Noticed a juggernaut
 74879 | Depths:2 | Killed a juggernaut
 76254 | Depths:2 | Identified the +0 cloak of Womob {Regen+}
 76647 | Depths:2 | Found a one-way gate leading to the halls of Pandemonium.
 76847 | Depths:2 | Found a one-way gate to the infinite horrors of the Abyss.
 76997 | Depths:3 | Noticed Mennas
 77133 | Depths:2 | Killed Mennas
 77783 | Depths:2 | Upgraded the game from 0.30-a0-585-g93115170b9 to
                  | 0.30-a0-586-g23e55c9e0a
 79840 | Depths:3 | Found a glowing golden altar of the Shining One.
 79903 | Depths:3 | Identified the ring "Poicuvoor" {Wiz +Blink rF- rN+++
                  | Slay+3}
 81004 | Depths:4 | Entered Level 4 of the Depths
 83251 | Hell     | Entered the Vestibule of Hell
 83251 | Hell     | Noticed Geryon
 83451 | Depths:4 | Found a gate to the Realm of Zot.
 83589 | Depths:4 | Reached XP level 24. HP: 217/225 MP: 22/22
 85048 | Crypt:1  | Entered Level 1 of the Crypt
 86791 | Crypt:1  | Noticed Aizul
 86798 | Crypt:1  | Killed Aizul
 86910 | Crypt:1  | Found a runed translucent gate.
 86911 | Crypt:1  | Found a runed translucent gate.
 86911 | Crypt:1  | Found a runed translucent gate.
 86913 | Crypt:1  | Noticed Katt's ghost (adept MiFi)
 86913 | Crypt:1  | Noticed Onexaaje's ghost (adept GrFi)
 87391 | Crypt:1  | Killed Katt's ghost
 87402 | Crypt:1  | Killed Onexaaje's ghost
 90962 | Crypt:3  | Entered Level 3 of the Crypt
 91030 | Crypt:3  | Noticed Khufu
 91043 | Crypt:3  | Killed Khufu
 91161 | Crypt:3  | Noticed a royal mummy
 91172 | Crypt:2  | Killed a royal mummy
 91218 | Crypt:3  | Reached skill level 10 in Dodging
 92502 | Crypt:3  | Received a gift from Trog
 92722 | Crypt:3  | Found a staircase to the Tomb.
 92788 | Crypt:3  | Reached skill level 22 in Armour
 92826 | Crypt:3  | Found a shimmering altar of Xom.
 92902 | Crypt:3  | Identified the +6 long sword of Osuppiplah {heavy, Will+}
 93786 | Vaults:5 | Entered Level 5 of the Vaults
 93794 | Vaults:5 | Reached ****** piety under Trog
 93794 | Vaults:5 | Received a gift from Trog
 93795 | Vaults:5 | Reached XP level 25. HP: 173/236 MP: 22/22
 94041 | Vaults:5 | Reached skill level 23 in Armour
 94339 | Vaults:5 | Noticed a dread lich
 94339 | Vaults:5 | Noticed an ancient lich
 94633 | Vaults:5 | Killed a dread lich
 94786 | Vaults:5 | Killed an ancient lich
 94809 | Vaults:5 | Received a gift from Trog
 95264 | Vaults:5 | Identified the ring of Recklessness {Fly rElec rF- Dex+10
                  | Slay+3}
 95283 | Vaults:5 | Identified the +8 scale mail of the Game of Kings {Will+
                  | MP+9 Str-5 Dex+4}
 95341 | Vaults:5 | Found Satwaibi's Distillery.
 96832 | Vaults:5 | Identified the ring "Rozxun" {Drain rPois Str+7 Int-3
                  | Dex+4}
 96897 | Vaults:5 | Bought a potion of curing for 69 gold pieces
 96897 | Vaults:5 | Bought a potion of mutation for 184 gold pieces
 96897 | Vaults:5 | Bought a potion of heal wounds for 115 gold pieces
 96897 | Vaults:5 | Bought a potion of heal wounds for 115 gold pieces
 96897 | Vaults:5 | Bought 2 potions of curing for 138 gold pieces
 96897 | Vaults:5 | Bought a potion of mutation for 184 gold pieces
 96897 | Vaults:5 | Bought a potion of cancellation for 184 gold pieces
 96985 | Vaults:5 | Identified the +6 battleaxe of Magnificence {flame, rPois
                  | Dex+4} (Trog gifted it to you on level 5 of the Vaults)
 96985 | Vaults:5 | Received a gift from Trog
 97124 | Vaults:5 | Reached skill level 24 in Armour
 97159 | Vaults:5 | Identified the +0 ring mail "Reuqer" {rPois rF- Str+2
                  | Dex+4}
 97240 | Vaults:5 | Got a silver rune of Zot
 97385 | Vaults:5 | Identified the +2 ring mail of Ojabuh {rPois Regen+ Str+2
                  | Slay+2}
 97637 | Vaults:5 | Found Qouh's Antique Weapon Shoppe.
 97645 | Vaults:5 | Found Anasey's Jewellery Boutique.
 97646 | Vaults:5 | Found Zayshrih's Antique Armour Shoppe.
 97656 | Vaults:5 | Bought a pair of translucent gloves for 294 gold pieces
 97656 | Vaults:5 | Identified the +5 pair of gloves of Intuition {rElec rPois
                  | Regen+} (You bought it in a shop on level 5 of the Vaults)
 98325 | Hell     | Noticed Murray
 98373 | Depths:1 | Killed Murray
 99003 | Hell     | Killed Geryon
 99004 | Hell     | Reached XP level 26. HP: 203/248 MP: 22/22
 99532 | Hell     | Found a gateway to the decaying netherworld of Tartarus.
 99613 | Hell     | Found a gateway to the freezing wastes of Cocytus.
 99671 | Hell     | Found a gateway to the Iron City of Dis.
 99742 | Hell     | Found a gateway to the ashen valley of Gehenna.
100172 | Tomb:1   | Entered Level 1 of the Tomb of the Ancients
100716 | Tomb:1   | Reached skill level 25 in Armour
100967 | Tomb:1   | Noticed a royal mummy
100974 | Tomb:1   | Killed a royal mummy
103122 | Tomb:1   | Noticed a royal mummy
103155 | Tomb:1   | Killed a royal mummy
104132 | Zot:1    | Entered Level 1 of the Realm of Zot
105182 | Zot:1    | Noticed an orb of fire
105201 | Zot:1    | Killed an orb of fire
105239 | Zot:1    | Lost mutation: You have a pair of large horns on your head.
                  | [potion of mutation]
105239 | Zot:1    | Lost mutation: You are agile. (Dex +4, Str/Int -1) [potion
                  | of mutation]
105239 | Zot:1    | Lost mutation: You possess an exceptional clarity of mind.
                  | [potion of mutation]
105239 | Zot:1    | Gained mutation: You expend magic power (3 MP) to
                  | strengthen your wands. [potion of mutation]
105239 | Zot:1    | Lost mutation: You expend magic power (3 MP) to strengthen
                  | your wands. [potion of mutation]
105239 | Zot:1    | Gained mutation: You are clumsy. (Dex -2) [potion of
                  | mutation]
105240 | Zot:1    | Lost mutation: Your flesh is cold resistant. (rC+) [potion
                  | of mutation]
105240 | Zot:1    | Lost mutation: You are clumsy. (Dex -2) [potion of
                  | mutation]
105240 | Zot:1    | Gained mutation: You expend magic power (3 MP) to
                  | strengthen your wands. [potion of mutation]
105240 | Zot:1    | Gained mutation: You have sharp toenails. [potion of
                  | mutation]
105240 | Zot:1    | Gained mutation: You are partially covered in iridescent
                  | scales. (AC +2) [potion of mutation]
105241 | Zot:1    | Lost mutation: You have sharp toenails. [potion of
                  | mutation]
105241 | Zot:1    | Lost mutation: You are partially covered in iridescent
                  | scales. (AC +2) [potion of mutation]
105241 | Zot:1    | Lost mutation: You expend magic power (3 MP) to strengthen
                  | your wands. [potion of mutation]
105241 | Zot:1    | Gained mutation: You are partially covered in iridescent
                  | scales. (AC +2) [potion of mutation]
105241 | Zot:1    | Gained mutation: You occasionally lose the ability to read
                  | scrolls when taking damage. [potion of mutation]
105242 | Zot:1    | Lost mutation: You are partially covered in iridescent
                  | scales. (AC +2) [potion of mutation]
105242 | Zot:1    | Lost mutation: You occasionally lose the ability to read
                  | scrolls when taking damage. [potion of mutation]
105242 | Zot:1    | Gained mutation: You occasionally shout uncontrollably at
                  | your foes. [potion of mutation]
105242 | Zot:1    | Gained mutation: You expend magic power (3 MP) to
                  | strengthen your wands. [potion of mutation]
105243 | Zot:1    | Lost mutation: You expend magic power (3 MP) to strengthen
                  | your wands. [potion of mutation]
105243 | Zot:1    | Lost mutation: You occasionally shout uncontrollably at
                  | your foes. [potion of mutation]
105243 | Zot:1    | Gained mutation: You are robust. (+10% HP) [potion of
                  | mutation]
105243 | Zot:1    | Gained mutation: Your muscles are strong. (Str +4, Int/Dex
                  | -1) [potion of mutation]
105244 | Zot:1    | Lost mutation: Your muscles are strong. (Str +4, Int/Dex
                  | -1) [potion of mutation]
105244 | Zot:1    | Lost mutation: You are robust. (+10% HP) [potion of
                  | mutation]
105244 | Zot:1    | Gained mutation: You are covered in fur. (AC +1) [potion of
                  | mutation]
105244 | Zot:1    | Gained mutation: You expend magic power (3 MP) to
                  | strengthen your wands. [potion of mutation]
105244 | Zot:1    | Gained mutation: Potions are less effective at restoring
                  | your health. [potion of mutation]
105245 | Zot:1    | Lost mutation: You expend magic power (3 MP) to strengthen
                  | your wands. [potion of mutation]
105245 | Zot:1    | Lost mutation: You are covered in fur. (AC +1) [potion of
                  | mutation]
105245 | Zot:1    | Lost mutation: Potions are less effective at restoring your
                  | health. [potion of mutation]
105245 | Zot:1    | Gained mutation: You are agile. (Dex +4, Str/Int -1)
                  | [potion of mutation]
105246 | Zot:1    | Lost mutation: You are agile. (Dex +4, Str/Int -1) [potion
                  | of mutation]
105246 | Zot:1    | Gained mutation: You have a somewhat thin skeletal
                  | structure. (Dex +2, Stealth+) [potion of mutation]
105246 | Zot:1    | Gained mutation: You possess an exceptional clarity of
                  | mind. [potion of mutation]
105246 | Zot:1    | Gained mutation: You are dopey. (Int -2) [potion of
                  | mutation]
105246 | Zot:1    | Gained mutation: You expend magic power (3 MP) to
                  | strengthen your wands. [potion of mutation]
105247 | Zot:1    | Lost mutation: You possess an exceptional clarity of mind.
                  | [potion of mutation]
105247 | Zot:1    | Lost mutation: You are dopey. (Int -2) [potion of mutation]
105247 | Zot:1    | Gained mutation: You are frail. (-10% HP) [potion of
                  | mutation]
105247 | Zot:1    | Lost mutation: You are frail. (-10% HP) [potion of
                  | mutation]
105248 | Zot:1    | Lost mutation: You have a somewhat thin skeletal structure.
                  | (Dex +2, Stealth+) [potion of mutation]
105248 | Zot:1    | Lost mutation: You expend magic power (3 MP) to strengthen
                  | your wands. [potion of mutation]
105248 | Zot:1    | Gained mutation: You occasionally shout uncontrollably at
                  | your foes. [potion of mutation]
105249 | Zot:1    | Lost mutation: You occasionally shout uncontrollably at
                  | your foes. [potion of mutation]
105249 | Zot:1    | Gained mutation: A frigid envelope surrounds you and
                  | freezes all who hurt you. [potion of mutation]
105249 | Zot:1    | Gained mutation: You are somewhat resistant to further
                  | mutation. [potion of mutation]
106165 | Zot:2    | Reached skill level 26 in Armour
106470 | Zot:2    | Found a runed translucent gate.
106470 | Zot:2    | Found a runed translucent gate.
106470 | Zot:2    | Found a runed translucent gate.
106470 | Zot:2    | Noticed Meadakhi's ghost (master DgEE)
106782 | Zot:2    | Received a gift from Trog
107617 | Zot:3    | Reached skill level 15 in Dodging
107799 | Zot:3    | Reached XP level 27. HP: 260/260 MP: 22/22
108548 | Zot:4    | Reached skill level 27 in Armour
108587 | Zot:4    | Reached skill level 15 in Evocations
108875 | Zot:4    | Received a gift from Trog
109560 | Zot:4    | Upgraded the game from 0.30-a0-586-g23e55c9e0a to
                  | 0.30-a0-591-g3c58d2bc28
109592 | Zot:5    | Entered Level 5 of the Realm of Zot
109629 | Zot:5    | Found a runed translucent gate.
109629 | Zot:5    | Found a runed translucent gate.
109629 | Zot:5    | Found a runed translucent gate.
109631 | Zot:5    | Found an ancient bone altar of Kikubaaqudgha.
109631 | Zot:5    | Noticed a dread lich
109631 | Zot:5    | Noticed a dread lich
109631 | Zot:5    | Noticed an ancient lich
109631 | Zot:5    | Noticed an ancient lich
109632 | Zot:5    | Noticed scionoferis's ghost (master DrMo)
111322 | Zot:2    | Killed Meadakhi's ghost
111476 | Zot:2    | Identified the +1 pair of boots "Fiuru" {Will++ MP+9}
112668 | Zot:5    | Noticed an ancient lich
112677 | Zot:5    | Killed an ancient lich
113078 | Zot:5    | Noticed an orb of fire
113098 | Zot:5    | Killed an orb of fire
113274 | Zot:5    | Noticed an orb of fire
113288 | Zot:5    | Gained mutation: Your body sometimes deteriorates upon
                  | taking damage. [an orb of fire]
113298 | Zot:5    | Killed an orb of fire
114136 | Zot:5    | Noticed a dread lich
114143 | Zot:5    | Killed a dread lich
115417 | Zot:5    | Noticed an orb of fire
115428 | Zot:5    | Gained mutation: You are clumsy. (Dex -2) [an orb of fire]
115434 | Zot:5    | Killed an orb of fire
115605 | Zot:5    | Noticed an ancient lich
115609 | Zot:5    | Killed an ancient lich
115611 | Zot:5    | Noticed an ancient lich
115616 | Zot:5    | Killed an ancient lich
116164 | Zot:5    | Noticed a dread lich
116174 | Zot:5    | Killed a dread lich
116506 | Zot:5    | Noticed a dread lich
116509 | Zot:5    | Killed a dread lich
116641 | Zot:5    | Noticed an ancient lich
116648 | Zot:5    | Killed an ancient lich
117574 | Zot:5    | Got the Orb of Zot
117580 | Zot:5    | Noticed an ancient lich
117587 | Zot:5    | Killed an ancient lich
118087 | D:6      | Noticed Gatak the pandemonium lord
118215 | D:$      | Escaped with the Orb!

Illustrated notes

Levels and vault maps discovered:
D:1:      tarquinn_simple_flora_water_f, layout_basic
D:2:      cheibrodos_fertilizer, layout_basic,
          dilly_ecumenical_altar_fadedgnrine, basic_altar
D:3:      layout_loops_ring, mainiacjoe_overflow_small_starburst,
          nicolae_hepliaklqana_ecumenical_no_more, mainiacjoe_overflow_paths,
          uniq_ijyb
D:4:      kennysheep_the_goblin_king, layout_cave_pods, portal_sewer_entry_d
D:5:      layout_basic, mainiacjoe_overflow_tiny_flanked,
          minmay_temple_entry_arrows, uniq_blork_the_orc
D:6:      layout_rooms, lemuel_round_altar, enter_ossuary_3,
          minmay_hollow_rounded_squares
D:7:      layout_basic, hellmonk_okawaru_the_only_friend_you_need,
          minmay_quadrilaterals
D:8:      layout_loops_ring, trog_butcher_becter
D:9:      layout_rooms, nicolae_overflow_hidden_temple
D:10:     minmay_chambers_of_sixes, layout_stronghold,
          kennysheep_vampire_church, gammafunk_temple_overflow_elements,
          orc_0_dummy
D:11:     layout_rooms, dpeg_oklobed_lair, nicolae_underground_beach
D:12:     hellmonk_destroyed_diamonds, layout_cross, lemuel_flamethrower_3
D:13:     layout_basic, david_vaults_3, zin_academy, uniq_maurice
D:14:     minmay_shoctagon, layout_rooms, nrook_pool_corridor, serial_shops,
          nicolae_inconvenience_store
D:15:     gammafunk_enter_depths_forms, layout_irregular_city, tgw_lugonu_bribe
Lair:1:   layout_small_grid, special_room [special_room_bee],
          lemuel_fruit_fields
Lair:2:   layout_regular_city, elwin_shoals_entry_rooms, portal_ice_cave_rime,
          gammafunk_ghost_icy, guppyfry_lair_drakes, grunt_megastairs_3
Lair:3:   nzn_motion_control, layout_regular_city, guppyfry_snake_entry_island,
          serial_bayou_shore_a
Lair:4:   layout_big_grid, dpeg_slime_entry_enclosed, dpeg_oklob_1
Lair:5:   evilmike_catoblepas_cave, layout_small_grid,
          chequers_serial_rivers_small_b, grunt_forest_stairs_basic,
          lemuel_fruit_fields, lemuel_fruit_tree, lemuel_fruit_fields
Shoals:1: layout_shoals
Shoals:2: layout_shoals, uniq_louise, uniq_ilsuiw, uniq_mlioglotl
Shoals:3: layout_shoals
Shoals:4: shoals_end_hellmonk_storm_palace [storm_palace_center_ruins,
          storm_palace_corner_narrow, storm_palace_corner_altar,
          storm_palace_corner_blocked, storm_palace_corner_grid], serial_shops
Snake:1:  layout_rooms, nicolae_snake_biting_tails, hangedman_snake_sidewinding
Snake:2:  layout_grid_maze, serial_shops, nicolae_shop_behind_doors, drop_trap
Snake:3:  kennysheep_six_static_rooms, layout_misc_corridors, serial_shops,
          nicolae_shop_statue_plus
Snake:4:  snake_pit_salamanders_mu, layout_cave_town, nicolae_snake_bzzzt,
          grunt_megastairs_2
Orc:1:    cheibrodos_orc_guarddog, layout_caves, serial_shops,
          nicolae_shop_behind_doors, uniq_snorg
Orc:2:    kennysheep_orc_mage_school, layout_caves, uniq_nessos
Elf:1:    eino_elf_arrival_customs, layout_geoelf_octagon,
          minmay_elf_crystal_hexagon, minivault_26, kilobyte_mutagenic_chamber
Elf:2:    elven_hall_of_blades_hangedman_original
          [nicolae_blade_entry_antechamber], layout_loops_ring, serial_shops,
          nicolae_lakefront_shop, uniq_jorgrun
Elf:3:    minmay_elf_hall_furrowed, layout_geoelf_grid, basic_altar,
          gammafunk_ghost_cemetery
Vaults:1: nicolae_vaults_network_periphery, hangedman_vaults_corner,
          vaults_standard_mumra_enter_the_diamond,
          nicolae_vaults_little_squares_1, hangedman_vaults_cutoff,
          vaults_mumra_hexcomb, vaults_mumra_lcd, v_rooms_6,
          vaults_mumra_chevron_long, vaults_room_pools,
          vaults_room_guarded_vault, nicolae_vaults_little_squares_2,
          layout_vaults_ring
Vaults:2: infiniplex_enter_wizlab_glasses, vaults_dpeg_hooks,
          hangedman_vaults_capsules, grunt_vaults_twisty,
          nicolae_vaults_network_barrier, v_misc_17,
          minmay_crypt_entry_necro_gods, v_pattern_2, nicolae_vaults_rhombus_5,
          vaults_room_corners, nicolae_vaults_big_ls, v_misc_24,
          layout_vaults_maze, uniq_frederick
Vaults:3: vaults_room_grunt_arrival_ludios, v_rooms_3, vaults_room_grid,
          ontoclasm_vaults_gateway, nicolae_vaults_what_the_h,
          hangedman_vaults_nails, layout_vaults_omnigrid, uniq_margery
Vaults:4: hangedman_vaults_restitches, nicolae_vaults_three_branches,
          vaults_dpeg_encased_lava, vaults_room_door_hall, v_rooms_6,
          nicolae_vaults_theta, ontoclasm_vaults_hangar, vaults_dpeg_diagonal,
          nicolae_vaults_circle_grid_a, layout_vaults_big_room
Vaults:5: serial_shops
Crypt:1:  layout_misc_corridors, gammafunk_ghost_cemetery,
          grunt_crypt_arrival_webbed, uniq_aizul
Crypt:2:  layout_regular_city
Crypt:3:  church_of_pain_bobbens, layout_chaotic_city,
          nicolae_tomb_entry_grand_gallery, serial_sigils,
          serial_sigils_hangedman_stare, serial_sigils_hangedman_confine,
          serial_sigils_hangedman_carve, serial_sigils_hangedman_clutch,
          lemuel_nasty_fountain, uniq_khufu
Tomb:1
Depths:1: layout_cave_pools, grunt_hell_entry_dis_old, ashenzari_altar_1,
          hellmonk_ghost_happy_afterlife, led_xom_imps
Depths:2: minmay_bad_star, layout_basic, enter_ziggurat_e, pan_entry,
          abyss_entry, minmay_misc_feat_columns, hell_entry,
          chequers_serial_rivers_large_a
Depths:3: kennysheep_cluttered_fort, layout_cave_pools, abyss_entry,
          pf_hell_entry_tar_spiral, nicolae_tso_carved_into_rock, uniq_mennas
Depths:4: grunt_zot_entry_pinwheel, layout_basic, pan_entry, lightli_too_deep,
          minmay_hedge_maze
Hell
Zot:1:    layout_gridlike, grunt_megastairs_4
Zot:2:    layout_cathedral_of_symmetry, gammafunk_ghost_split,
          grunt_ministairs_6
Zot:3:    layout_misc_corridors
Zot:4:    layout_onion_interference, nicolae_rock_paper_scissors,
          lemuel_elevator
Zot:5:    layout_gridlike, gammafunk_ghost_crypt, st_stairs_9

Skill      XL: |  1  2  3  4  5  6  7  8  9 10 11 12 13 14 15 16 17 18 19 20 21 22 23 24 25 26 27 |
---------------+----------------------------------------------------------------------------------+-----
Fighting       | 4 5 6 7 8 9 10 11 12 13 14 15 16 17 18 19 20 21 22 23 25 | 25.9
Stealth        | 2 3 4 5 6 7 8 9 10 11 | 11.3
Axes           | 4 5 7 9 11 12 14 16 17 18 19 20 21 22 23 24 | 24.5
Long Blades    | 1 2 3 4 |  4.0
Evocations     | 1 3 4 5 7 8 9 10 11 12 13 14 17 | 17.1
Polearms       | 1 |  1.1
Ranged Weapons | 3 6 9 11 12 14 15 17 18 19 20 22 23 24 | 24.4
Armour         | 2 5 7 9 10 11 13 15 16 18 19 20 21 22 24 26 27 | 27.0
Throwing       | 3 5 6 |  6.6
Dodging        | 5 7 8 11 13 15 18 | 18.2

Action                   |  1- 3 |  4- 6 |  7- 9 | 10-12 | 13-15 | 16-18 | 19-21 | 22-24 | 25-27 || total
-------------------------+-------+-------+-------+-------+-------+-------+-------+-------+-------++-------
Melee: Hand axe          |    19 |       |   110 |   174 |       |       |       |       |       ||   303
       Headbutt          |    15 |    16 |    37 |    69 |    87 |    84 |   136 |   102 |   194 ||   740
       Scimitar          |    36 |   118 |    37 |       |       |       |       |       |       ||   191
       Punch             |       |     1 |     3 |     1 |     1 |       |       |       |       ||     6
       Trident           |       |       |    24 |       |       |       |       |       |       ||    24
       Battleaxe         |       |       |       |   139 |   313 |   394 |   330 |     8 |    70 ||  1254
       Rapier            |       |       |       |     6 |     3 |       |       |       |       ||     9
       Long sword        |       |       |       |     9 |     7 |       |       |       |       ||    16
       Executioner's axe |       |       |       |       |       |       |   194 |   403 |   535 ||  1132
       Unarmed           |       |       |       |       |       |       |       |    14 |    10 ||    24
 Fire: Sling             |       |       |     6 |    45 |       |       |       |       |       ||    51
       Arbalest          |       |       |       |   200 |   422 |   630 |   313 |       |       ||  1565
       Triple crossbow   |       |       |       |       |       |       |   406 |   424 |   652 ||  1482
Throw: Stone             |     2 |     8 |     9 |       |       |       |       |       |       ||    19
       Dart              |       |     4 |     3 |     1 |       |       |       |       |       ||     8
       Boomerang         |       |       |     5 |     4 |     3 |     2 |     5 |     3 |     3 ||    25
       Javelin           |       |       |       |       |     6 |       |       |       |       ||     6
Invok: Berserk           |     1 |     6 |    12 |    25 |    18 |    16 |     7 |    16 |     9 ||   110
       Trog's Hand       |       |     2 |     4 |    21 |    19 |    36 |    21 |    28 |    45 ||   176
       Brothers in Arms  |       |       |       |       |       |       |       |     3 |     2 ||     5
Evoke: Wand              |       |     3 |     6 |     3 |     9 |    10 |    11 |     3 |    14 ||    59
       Box of beasts     |       |       |       |       |       |       |       |     1 |       ||     1
       Tin of tremorston |       |       |       |       |       |       |       |       |     2 ||     2
       Horn of Geryon    |       |       |       |       |       |       |       |       |     1 ||     1
       Condenser vane    |       |       |       |       |       |       |       |       |     1 ||     1
  Use: Scroll            |     5 |     3 |     5 |    16 |    20 |     4 |    10 |     6 |     7 ||    76
       Potion            |       |       |       |     2 |     5 |     8 |     4 |     8 |    15 ||    42
 Stab: Sleeping          |     2 |       |       |     1 |       |       |       |       |       ||     3
       Invisible         |       |       |       |       |       |       |     2 |     5 |     4 ||    11
       Paralysed         |       |       |       |       |       |       |     1 |       |       ||     1
Armor: Robe              |     7 |       |       |       |       |       |       |       |       ||     7
       Ring mail         |    11 |       |       |       |       |       |       |       |       ||    11
       Chain mail        |    18 |    83 |    87 |    16 |       |       |       |       |       ||   204
       Plate armour      |       |       |       |   253 |   383 |    27 |       |       |       ||   663
       Crystal plate arm |       |       |       |       |       |   460 |   892 |   562 |   790 ||  2704
Dodge: Dodged            |    36 |    88 |   184 |   355 |   239 |   176 |   458 |   344 |   631 ||  2511
Block: Other             |       |       |       |       |    53 |   144 |   216 |   164 |   191 ||   768
       Reflection        |       |       |       |       |    11 |    29 |    25 |     4 |     8 ||    77

Table legend: (Time is in decaauts)
 A = Elapsed time spent in this place.
 B = Non-inter-level travel time spent in this place.
 C = Inter-level travel time spent in this place.
 D = Time resting spent in this place.
 E = Time spent auto-exploring this place.
 F = Levels seen in this place.
 G = Mean time per level.
                   A        B        C        D        E       F      G
               +--------+--------+--------+--------+--------+-----+--------+
         Total | 120951 | 115526 |   5425 |  66394 |  31368 |  64 | 1889.9 |
       Dungeon |  18601 |  17325 |   1276 |   5530 |   8264 |  15 | 1240.1 |
          Lair |   6942 |   6365 |    577 |   1394 |   3684 |   5 | 1388.4 |
        Shoals |   7503 |   7282 |    221 |   3419 |   2766 |   4 | 1875.8 |
     Snake Pit |  12730 |  12463 |    267 |   8675 |   1991 |   4 | 3182.5 |
  Orcish Mines |   5554 |   5309 |    245 |   3891 |    930 |   2 | 2777.0 |
   Elven Halls |  12036 |  11817 |    219 |   8603 |   1401 |   3 | 4012.0 |
        Vaults |  13510 |  12734 |    776 |   6675 |   4352 |   5 | 2702.0 |
         Crypt |   9005 |   8664 |    341 |   5799 |   1935 |   3 | 3001.7 |
          Tomb |   3454 |   3357 |     97 |   2552 |     15 |   1 | 3454.0 |
        Depths |  13120 |  12435 |    685 |   8839 |   2451 |   4 | 3280.0 |
          Hell |    968 |    947 |     21 |    461 |    324 |   1 |  968.0 |
           Zot |  13166 |  12472 |    694 |   7740 |   2724 |   5 | 2633.2 |
      Ziggurat |   1067 |   1067 |      0 |    771 |      0 |   8 |  133.4 |
         Sewer |    161 |    161 |      0 |     65 |     34 |   1 |  161.0 |
       Ossuary |    223 |    223 |      0 |      0 |     97 |   1 |  223.0 |
      Ice Cave |   1575 |   1575 |      0 |   1120 |    178 |   1 | 1575.0 |
        Wizlab |   1330 |   1330 |      0 |    852 |    219 |   1 | 1330.0 |
               +--------+--------+--------+--------+--------+-----+--------+

Top non-repeatable levels by time:
   Elf:3: 7621 daAuts
   Zot:5: 6801 daAuts
 Snake:3: 4728 daAuts
   Orc:2: 4572 daAuts
Depths:4: 4007 daAuts
Vaults:4: 3834 daAuts
Depths:3: 3569 daAuts
  Tomb:1: 3454 daAuts
 Crypt:2: 3365 daAuts
   Elf:1: 3277 daAuts
 Snake:4: 3265 daAuts
Depths:2: 3223 daAuts
    D:10: 3195 daAuts
Shoals:4: 3143 daAuts
 Crypt:1: 2834 daAuts
